 Dungeon Crawl Stone Soup version 0.28.0 (webtiles) character file.

Game seed: 8882997178390590522

10679 laceratedsky the Severer (level 11, -5/97 HPs)
             Began as a Minotaur Berserker on Feb 6, 2022.
             Was a High Priest of Trog.
             Slain by a centaur warrior (12 damage)
             ... on level 12 of the Dungeon.
             The game lasted 00:33:49 (12902 turns).

laceratedsky the Severer (Minotaur Berserker)      Turns: 12902, Time: 00:33:50

Health: -5/97      AC: 15    Str: 28    XL:     11   Next: 39%
Magic:  10/10      EV:  9    Int:  4    God:    Trog [*****.]
Gold:   725        SH:  0    Dex: 10    Spells: 10/10 levels left

rFire   + . .      SeeInvis .   a - +4 executioner's axe (venom)
rCold   x . .      Faith    .   (shield currently unavailable)
rNeg    . . .      Spirit   .   E - +0 plate armour
rPois   +          Reflect  .   (helmet restricted)
rElec   .          Harm     .   D - scarf {repulsion}
rCorr   .          Rampage  .   (no gloves)
Will    .....                   (no boots)
Stlth   ..........              (no amulet)
HPRegen 0.26/turn               v - ring "Jeos" {rPois rF+ rC- Str+2}
MPRegen 0.12/turn               (no ring)

@: attractive, repel missiles
A: horns 2, retaliatory headbutt
a: Renounce Religion, Berserk, Trog's Hand, Brothers in Arms


You were on level 12 of the Dungeon.
You worshipped Trog.
Trog was extremely pleased with you.
You visited 4 branches of the dungeon, and saw 15 of its levels.

You collected 725 gold pieces.

Inventory:

Hand Weapons
 a - a +4 executioner's axe of venom (weapon)
 b - a +0 vorpal shortbow
 c - a +0 war axe
 r - a +0 hand axe
Missiles
 p - a throwing net (quivered)
 A - 159 arrows
Armour
 m - a +1 chain mail
 D - a scarf of repulsion (worn)
 E - a +0 plate armour (worn)
Jewellery
 v - the ring "Jeos" (left hand) {rPois rF+ rC- Str+2}
   (You found it on level 7 of the Dungeon)

   [ring of protection from fire]

   Str:       It affects your strength (+2).
   rF:        It protects you from fire.
   rC:        It makes you vulnerable to cold.
   rPois:     It protects you from poison.
Wands
 g - a wand of digging (12)
 k - a wand of charming (8)
 n - a wand of polymorph (5)
 w - a wand of flame (25)
 x - a wand of acid (15)
 y - a wand of mindburst (16)
 B - a wand of iceblast (15)
Scrolls
 d - 9 scrolls of teleportation
 l - 10 scrolls of identify
 o - 4 scrolls of immolation
 u - 2 scrolls of enchant weapon
 C - 2 scrolls of fear {unknown}
 F - a scroll of brand weapon
Potions
 e - a potion of invisibility {unknown}
 f - 4 potions of mutation
 h - a potion of ambrosia {unknown}
 i - 4 potions of attraction
 j - 2 potions of might {unknown}
 q - a potion of brilliance {unknown}
 s - 3 potions of haste {unknown}
 t - 4 potions of curing {unknown}
 z - a potion of cancellation {unknown}
 G - a potion of flight {unknown}
 H - a potion of lignification {unknown}
 I - a potion of berserk rage {unknown}


   Skills:
 + Level 9.0 Fighting
 + Level 15.8 Axes
 + Level 11.6 Armour
 + Level 4.6 Dodging
 + Level 1.4 Stealth


You had 10 spell levels left.
You didn't know any spells.
Your spell library was empty.

Dungeon Overview and Level Annotations

Branches:
Dungeon (12/15)            Temple (1/1) D:6            Lair (1/6) D:10
    Orc (1/2) D:9

Altars:
Ashenzari
Cheibriados
Dithmenos
Elyvilon
Fedhas
Gozag
Hepliaklqana
Kikubaaqudgha
Makhleb
Nemelex Xobeh
Okawaru
Qazlal
Ru
Sif Muna
Trog
Uskayaw
Vehumet
Wu Jian
Xom
Yredelemnul
Zin
The Shining One

Shops:
D:1 *(   D:2 :   D:5 [   D:6 :   D:11 *


Innate Abilities, Weirdness & Mutations

You have a pair of horns on your head.
You reflexively headbutt those who attack you in melee.


Message History

The centaur warrior hits you but does no damage.
The centaur warrior kicks you but does no damage.
The centaur shoots an arrow.
The arrow hits you.
The centaur shoots an arrow.
The arrow closely misses you.
The centaur warrior hits you but does no damage.
The centaur warrior closely misses you.
You are too injured to fight recklessly!
You are too injured to fight recklessly!
You are too injured to fight recklessly!
You are too injured to fight recklessly!
You barely miss the centaur warrior.
The centaur warrior is moderately wounded.
The centaur warrior hits you but does no damage.
The centaur warrior kicks you but does no damage.
The centaur shoots an arrow.
The arrow closely misses you.
You barely miss the centaur warrior.
The centaur warrior is moderately wounded.
The centaur warrior hits you.
The centaur warrior kicks you but does no damage.
The centaur shoots an arrow.
The arrow hits you but does no damage. The centaur warrior hits you!
The centaur warrior kicks you but does no damage.
The centaur shoots an arrow.
The arrow hits you!
* * * LOW HITPOINT WARNING * * *
You slash the centaur warrior!
The centaur warrior looks as sick as possible!
Your headbutt misses the centaur warrior.
The centaur warrior is severely wounded.
The centaur warrior hits you but does no damage.
The centaur warrior kicks you but does no damage.
The centaur shoots an arrow.
The arrow closely misses you. The centaur warrior hits you!
* * * LOW HITPOINT WARNING * * *
The centaur warrior kicks you but does no damage.
The centaur shoots an arrow.
The arrow hits you!
* * * LOW HITPOINT WARNING * * *
It was a potion of attraction.
You feel attractive to monsters. The centaur warrior hits you!
You die...

.....###...###.<รท
#...#.....##... .
#..............
..####### #............
........####)..........#
#.....#...)...........
..#...c.#...>.......##..
......c............###.#
......)@.###.......# ..#
......)..#........... ..
#.................... #
##..................
....#...?..!........
.#.......>.#######
##.......## .........


You could see a centaur warrior (extremely poisoned) and a centaur.

Vanquished Creatures
  A two-headed ogre (D:11)
  An orc sorcerer (Orc:1)
  An ugly thing (D:12)
  An elephant (D:10)
  A gargoyle (D:11)
  An unseen horror (D:11)
  A tengu conjurer (D:11)
  2 hornets (D:9)
  Prince Ribbit (D:8)
  Grinder (D:3)
  A wraith (D:10)
  2 wyverns
  17 yaks
  A basilisk (D:10)
  Sigmund (D:3)
  2 steam dragons
  Menkaure (D:4)
  An acid dragon (D:9)
  3 water moccasins
  A sky beast (D:6)
  Pargi (D:3)
  2 ice beasts
  3 orc warriors
  2 black bears
  9 centaurs
  2 phantoms
  4 kobold brigands (D:10)
  A gnoll sergeant (D:10)
  2 scorpions (D:5)
  A howler monkey (D:6)
  3 wights (D:8)
  An electric eel (D:10)
  2 centaur zombies
  6 orc priests
  A gnoll shaman (D:8)
  3 hounds
  Ijyb (D:4)
  4 iguanas
  11 orc wizards
  2 howler monkey zombies
  3 adders
  10 gnolls
  2 howler monkey skeletons (D:5)
  A shadow imp (D:5)
  2 white imps
  An adder skeleton (D:4)
  A worm (D:5)
  A dart slug (D:3)
  58 orcs
  7 bats
  8 endoplasms
  A giant cockroach (D:1)
  8 goblins
  13 hobgoblins
  7 jackals
  22 kobolds
  2 quokkas
  A ball python (D:1)
  5 frilled lizards
  6 rats
261 creatures vanquished.

Vanquished Creatures (others)
  An orc wizard (D:11)
  A fungus (D:10)
  11 plants
13 creatures vanquished.

Grand Total: 274 creatures vanquished

Notes
Turn   | Place    | Note
-------+----------+-------------------------------------------
     0 | D:1      | laceratedsky the Minotaur Berserker began the quest for the
                  | Orb.
     0 | D:1      | Reached XP level 1. HP: 19/19 MP: 0/0
   263 | D:1      | Reached XP level 2. HP: 27/27 MP: 1/1
   295 | D:1      | Found a faded altar of an unknown god.
   382 | D:1      | Reached skill level 4 in Axes
   508 | D:1      | Found Ilu Kilo's Weapon Shoppe.
   675 | D:1      | Reached ** piety under Trog
   726 | D:1      | Found Lirol's Assorted Antiques.
   911 | D:1      | Reached XP level 3. HP: 33/33 MP: 2/2
  1723 | D:2      | Found Dedets's Book Boutique.
  1970 | D:3      | Noticed Sigmund
  1980 | D:3      | Killed Sigmund
  1981 | D:3      | Reached skill level 5 in Axes
  1981 | D:3      | Reached XP level 4. HP: 19/41 MP: 3/3
  1981 | D:3      | Reached XP level 5. HP: 22/47 MP: 4/4
  2212 | D:3      | Noticed Pargi
  2231 | D:3      | Killed Pargi
  2232 | D:3      | Reached skill level 6 in Axes
  2232 | D:3      | Reached XP level 6. HP: 36/55 MP: 5/5
  2595 | D:3      | Noticed Grinder
  2598 | D:3      | Paralysed by Grinder for 2 turns
  2612 | D:3      | Paralysed by Grinder for 7 turns
  2622 | D:3      | Paralysed by Grinder for 3 turns
  2627 | D:3      | Killed Grinder
  2628 | D:3      | Reached skill level 5 in Fighting
  2628 | D:3      | Reached skill level 5 in Armour
  2879 | D:3      | Reached XP level 7. HP: 58/61 MP: 6/6
  3201 | D:4      | Noticed Menkaure
  3209 | D:4      | Killed Menkaure
  3210 | D:4      | Reached skill level 7 in Axes
  3249 | D:4      | Reached *** piety under Trog
  3622 | D:4      | Noticed Ijyb
  3629 | D:4      | Killed Ijyb
  3780 | D:4      | Found a stormy altar of Qazlal.
  3789 | D:4      | Found a hide-covered altar of Uskayaw.
  3808 | D:4      | Identified a scroll of acquirement
  3808 | D:4      | Acquired a +3 executioner's axe of venom
  4134 | D:5      | Entered Level 5 of the Dungeon
  4459 | D:5      | Reached skill level 8 in Axes
  4485 | D:5      | Found Qasteo's Antique Armour Shoppe.
  4709 | D:5      | Reached XP level 8. HP: 68/70 MP: 7/7
  5235 | D:6      | Found an ornate altar of the Wu Jian Council.
  5408 | D:6      | Found a staircase to the Ecumenical Temple.
  5531 | D:6      | Reached skill level 9 in Axes
  5578 | Temple   | Entered the Ecumenical Temple
  5726 | D:6      | Reached **** piety under Trog
  5862 | D:6      | Found Vuxut's Book Shoppe.
  5899 | D:6      | Reached skill level 10 in Axes
  6075 | D:6      | Reached XP level 9. HP: 62/78 MP: 8/8
  6816 | D:6      | Found a white marble altar of Elyvilon.
  6846 | D:6      | Reached skill level 11 in Axes
  6908 | D:6      | Found a basalt altar of Yredelemnul.
  7175 | D:7      | Found an opulent altar of Gozag.
  7189 | D:7      | Identified the ring "Jeos" {rPois rF+ rC- Str+2}
  7273 | D:7      | Found a burning altar of Makhleb.
  7520 | D:7      | Found a glowing golden altar of the Shining One.
  7529 | D:7      | Reached skill level 1 in Stealth
  8193 | D:8      | Reached skill level 12 in Axes
  8356 | D:8      | Noticed Prince Ribbit
  8370 | D:8      | Killed Prince Ribbit
  8630 | D:9      | Reached XP level 10. HP: 43/86 MP: 9/9
  8892 | D:9      | Paralysed by a hornet for 1 turns
  8897 | D:9      | Reached skill level 13 in Axes
  9181 | D:9      | Paralysed by a hornet for 3 turns
  9473 | D:9      | Reached skill level 10 in Armour
  9505 | D:9      | Found a staircase to the Orcish Mines.
  9533 | Orc:1    | Entered Level 1 of the Orcish Mines
  9535 | Orc:1    | Noticed an orc sorcerer
  9542 | Orc:1    | Killed an orc sorcerer
 10168 | D:10     | Entered Level 10 of the Dungeon
 10425 | D:10     | Noticed an elephant
 10426 | D:10     | Found a staircase to the Lair.
 10432 | D:10     | Reached skill level 14 in Axes
 10433 | D:10     | Killed an elephant
 10447 | D:10     | Reached ***** piety under Trog
 10649 | Lair:1   | Entered Level 1 of the Lair of Beasts
 10649 | Lair:1   | Noticed a seven-headed hydra
 10681 | D:10     | Reached skill level 15 in Axes
 11240 | D:10     | Reached XP level 11. HP: 89/95 MP: 10/10
 11941 | D:11     | Found Comopag's Assorted Antiques.
 12197 | D:11     | Noticed a two-headed ogre
 12202 | D:11     | Killed a two-headed ogre
 12626 | D:12     | Noticed a red ugly thing
 12632 | D:12     | Killed a red ugly thing
 12863 | D:12     | Noticed a centaur warrior
 12902 | D:12     | Slain by a centaur warrior

Illustrated notes

Levels and vault maps discovered:
D:1:      mrwooster_arrival_statue_2, layout_basic, serial_shops, shop,
          nicolae_shop_hallway_stairs, basic_ecumenical_altar
D:2:      layout_basic, serial_shops, nicolae_shop_stone, minivault_14
D:3:      layout_loops_cross, kennysheep_generic_room_4, uniq_pargi,
          uniq_sigmund, uniq_grinder
D:4:      layout_loops_cross, mainiacjoe_overflow_chevrons,
          eat_drink_and_be_merry_uskayaw, uniq_menkaure, uniq_ijyb
D:5:      layout_loops_corners, serial_shops, kennysheep_mini_moat,
          chequers_serial_rivers_room_b, chequers_avenue
D:6:      layout_loops_cross, kennysheep_ying_yang,
          mainiacjoe_overflow_alcove_1, minmay_temple_entry_statues_pillars,
          serial_shops, shop
D:7:      layout_basic, lemuel_round_altar, mainiacjoe_overflow_big_doors
D:8:      layout_rooms, minmay_misc_feat_roman,
          nicolae_concentric_dashed_squares_mild, uniq_prince_ribbit1
D:9:      layout_roguey, hiddenorc2_lemuel, serial_bayou_pond_c
D:10:     layout_long_grid, david_lair_generic, chequers_big_river,
          chequers_serial_rivers_small_a, minmay_unpleasant_kobolds
D:11:     layout_loops_cross, serial_shops, shop
D:12:     layout_cave_pools, uniq_snorg
Temple:   jpeg_temple_clearing
Lair:1:   layout_misc_corridors, grunt_megastairs_2, uniq_gastronok
Orc:1:    layout_diamond_mine, uniq_fannar

Skill      XL: |  1  2  3  4  5  6  7  8  9 10 11 |
---------------+----------------------------------+-----
Fighting       | 4 5 6 7 8 9 |  9.0
Axes           | 4 5 6 8 10 12 15 | 15.8
Armour         | 3 4 5 6 7 9 10 11 | 11.6
Dodging        | 3 4 |  4.6
Stealth        | 1 |  1.4

Action                   |  1- 3 |  4- 6 |  7- 9 | 10-12 || total
-------------------------+-------+-------+-------+-------++-------
Melee: Hand axe          |   102 |    61 |    45 |       ||   208
       Headbutt          |    16 |     8 |    26 |    33 ||    83
       Punch             |     1 |       |     1 |       ||     2
       Executioner's axe |       |       |   158 |   191 ||   349
       War axe           |       |       |    16 |       ||    16
 Fire: Shortbow          |       |       |       |     4 ||     4
  Use: Scroll            |       |       |    12 |       ||    12
       Potion            |       |       |       |     1 ||     1
Armor: Animal skin       |     8 |       |       |       ||     8
       Ring mail         |    14 |       |       |       ||    14
       Chain mail        |     1 |    39 |   110 |       ||   150
       Plate armour      |       |       |    18 |   125 ||   143
Dodge: Dodged            |    60 |    29 |   120 |   103 ||   312
       Repelled          |       |       |       |     2 ||     2
